 Dungeon Crawl Stone Soup version 0.32-a0-128-g77eb882913 (webtiles) character file.

Game seed: 622851683917654191

83650 hikkokomori the Grappler (level 15, -10/136 HPs)
             Began as a Troll Shapeshifter on Feb 7, 2024.
             Was the Champion of Hepliaklqana.
             Killed by the raging water
             ... invoked by a water nymph
              (31 damage)
             ... on level 12 of the Dungeon on Feb 8, 2024.
             The game lasted 01:10:33 (14430 turns).

hikkokomori the Grappler (Troll Shapeshifter)      Turns: 14430, Time: 01:10:34

Health: -10/136    AC:  8    Str: 26    XL:     15   Next: 32%
Magic:  17/17      EV: 11    Int:  2    God:    Hepliaklqana [******]
Gold:   826        SH: 11    Dex: 15    Spells: 15/18 levels left

rFire   . .          .
                       - Unarmed
rCold   . . .        q - +0 kite shield
rNeg    . . .        x - +1 steam dragon scales
rPois   +            T - melded +2 hat
rElec   .            m - melded +0 cloak
rCorr   +            (gloves unavailable)
SInv    .            (boots unavailable)
Will    +....        t - amulet of regeneration
Stlth   +++          S - ring "Egrepnua" {rPois rCorr Int-4 Slay+4}
HPRegen 2.02/turn    F - ring of wizardry
MPRegen 0.15/turn

%: wizardry (x1)
@: beast-form, hasted, very quick
A: beast (slay +4), reduced essence, large, unfitting armour, claws 3,
regeneration 1, shaggy fur 1, tough skin 1
a: Begin Untransformation, Renounce Religion, Recall Ancestor, Ancestor
Identity, Transference, Idealise


You were on level 12 of the Dungeon.
You worshipped Hepliaklqana.
Hepliaklqana was exalted by your worship.
You were a hulking beast.
You visited 3 branches of the dungeon, and saw 18 of its levels.
You also visited: Bailey and Gauntlet.

You collected 1261 gold pieces.
You spent 435 gold pieces at shops.

Inventory:

Hand Weapons
 B - the +5 falchion "Rerphy Miby" {drain, rC++ Str+4}
   (You found it on level 2 of the Lair of Beasts)

   Str+4:     It affects your strength (+4).
   rC++:      It greatly protects you from cold.
 O - the +2 trident of Bankruptcy {flame, *Noise rF+++ Str+3 Int-4}
   (You found it on level 4 of the Lair of Beasts)

   Str+3:     It affects your strength (+3).
   Int-4:     It affects your intelligence (-4).
   rF+++:     It renders you almost immune to fire.
   *Noise:    It may make a loud noise when swung.
Missiles
 u - 5 throwing nets
 v - 26 poisoned darts
 H - 11 boomerangs (quivered)
 X - 5 atropa-tipped darts
 Y - 4 javelins
 Z - 5 datura-tipped darts
Armour
 m - a +0 cloak (melded)
 q - a +0 kite shield (worn)
 x - +1 steam dragon scales (worn)
 A - a +2 pair of boots of flying
 T - a +2 hat (melded)
Jewellery
 e - a ring of willpower
 h - a ring of ice
 t - an amulet of regeneration (around neck)
 F - a ring of wizardry (right claw)
 K - a ring of see invisible
 Q - a ring of willpower
 R - an amulet of reflection
 S - the ring "Egrepnua" (left claw) {rPois rCorr Int-4 Slay+4}
   (You found it in a Gauntlet)

   [ring of slaying]

   Int-4:     It affects your intelligence (-4).
   Slay+4:    It affects your accuracy & damage with ranged weapons and melee
   (+4).
   rPois:     It protects you from poison rCorr: It protects you from acid and
   corrosion.
Talismans
 c - a beast talisman (active)
 i - a blade talisman
Wands
 d - a wand of digging (9)
 w - a wand of polymorph (5)
 y - a wand of flame (57)
 E - a wand of acid (2)
 I - a wand of iceblast (16)
 J - a wand of paralysis (2)
Scrolls
 g - 7 scrolls of teleportation
 l - 3 scrolls of vulnerability
 n - a scroll of fear
 o - a scroll of amnesia
 s - 2 scrolls of enchant armour
 M - a scroll of fog
 N - a scroll of acquirement
 P - a scroll of enchant weapon
 U - 2 scrolls of blinking
 V - a scroll of silence
Potions
 a - a potion of resistance
 b - 2 potions of magic
 j - a potion of invisibility
 k - 2 potions of cancellation {unknown}
 p - 5 potions of curing
 r - a potion of berserk rage
 z - 4 potions of haste
 C - a potion of mutation
 D - 4 potions of enlightenment
 G - 5 potions of might
 L - 8 potions of ambrosia
Miscellaneous
 W - a box of beasts


   Skills:
 + Level 10.4 Fighting
 + Level 8.9 Throwing
 - Level 2.0 Armour
 - Level 6.0 Dodging
 - Level 4.0 Stealth
 - Level 10.0 Shields
 + Level 11.3 Unarmed Combat
 - Level 2.0 Spellcasting
 - Level 5.0 Summonings
 - Level 5.2 Invocations
 - Level 5.0 Evocations
 - Level 7.0 Shapeshifting


You had 15 spell levels left.
You knew the following spells:

 Your Spells              Type           Power      Damage    Failure   Level
a - Call Canine Familiar  Summ           2%         N/A       14%         3

Your spell library contained the following spells:

 Spells                   Type           Power      Damage    Failure   Level
 Summon Small Mammal      Summ           8%         N/A       4%          1
 Summon Ice Beast         Ice/Summ       1%         N/A       34%         3
 Static Discharge         Conj/Air       0%         3-3/arc   45%         2
 Frozen Ramparts          Ice            0%         1d1       69%         3
 Hailstorm                Conj/Ice       0%         3d5       69%         3
 Summon Blazeheart Golem  Fire/Summ      1%         N/A       75%         4
 Summon Lightning Spire   Summ/Air       1%         N/A       75%         4
 Airstrike                Air            0%         2d(0-16)  96%         4
 Leda's Liquefaction      Alch/Erth      0%         N/A       96%         4
 Petrify                  Alch/Erth      0%         N/A       96%         4
 Metabolic Englaciation   Hex/Ice        0%         N/A       100%        5
 Sculpt Simulacrum        Ice/Alch       0%         N/A       100%        6
 Malign Gateway           Summ/Tloc      0%         N/A       100%        7
 Summon Horrible Things   Summ           1%         N/A       100%        8


Dungeon Overview and Level Annotations

Branches:
Dungeon (12/15)            Temple (1/1) D:4            Lair (5/5) D:11
  Swamp (0/4) Lair:2       Spider (0/4) Lair:3        Slime (0/5) Lair:4
    Orc (0/2) D:12         Bailey (visited)         Gauntlet (visited)

Altars:
Ashenzari
Cheibriados
Dithmenos
Elyvilon
Fedhas
Gozag
Hepliaklqana
Kikubaaqudgha
Makhleb
Nemelex Xobeh
Okawaru
Qazlal
Ru
Sif Muna
Trog
Uskayaw
Vehumet
Wu Jian
Xom
Yredelemnul
Zin
The Shining One
Jiyva
Lugonu

Shops:
D:6 !   D:9 *   D:12 [(

Portals:
Abyss: D:7

Annotations:
D:11 1 runed translucent door, Bravepunisher's ghost, journeyman SpMo


Innate Abilities, Weirdness & Mutations

You are a hulking beast.
Your limbs bulge with bestial killing power. (Slay +4)
Your life essence is reduced to manifest your ancestor. (-10% HP)
You are too large for most types of armour.
You have claws for hands.
Your natural rate of healing is unusually fast.
You are covered in fur. (AC +1)
You have tough skin. (AC +1)


Message History

You are too injured to fight recklessly!
You are too injured to fight recklessly!
You are too injured to fight recklessly!
You are too injured to fight recklessly!
The water nymph flows with the water.
Splash!
You fall into the shallow water.
Things that are here:
a +0 troll leather armour; a troll corpse Throw: 5 javelins
Press: ? - help, Shift-Dir - straight line, f - electric eel
Aim: an electric eel (lightly wounded, 60% to hit)
You throw a javelin.
The javelin pierces through the water nymph!!
The water nymph is heavily wounded.
The javelin pierces through the water nymph.
The water nymph is almost dead.
The javelin pierces through the electric eel.
The electric eel is heavily wounded.
You hear a splash.
The water nymph touches you. The water nymph drowns you!
Splash!
You fall into the shallow water.
The water nymph points at you and mumbles some strange words.
The water swirls and strikes you!!!
* * * LOW HITPOINT WARNING * * *
Unknown command.
Unknown command.
The water nymph attacks as it pursues you!
The water nymph touches you. The water nymph drowns you!
* * * LOW HITPOINT WARNING * * *
The water nymph flows with the water.
You feel much better. The water nymph closely misses you.
Splash!
You fall into the shallow water.
You feel yourself speed up.
The water nymph gestures at you while chanting.
The water swirls and strikes you!!
You die...
Hepliaklqana delivers you to your ancestors.

#.# #.# #.# #.# #.######.##
~..####.######.......... ~
........................ ~.
..#####.######..........
... #.# #.......... ≈...
#.# #.......... ~~.)~ #.#
#.......... ~~~.~~####h#
#.......... .~(.~~)~Smm#
#..........
.~$..#####~~$..............
... #.###### ...... . #.#
...... #.# #.. ...... #.#
#.. ...... #.# #?# ####..
.# #.# ##..


You could see 2 water nymphs and an electric eel.

Vanquished Creatures
  An orc warlord (Bailey)
  A minotaur (Gauntlet)
  Snorg (D:10)
  3 hydras
  3 two-headed ogres
  A merfolk aquamancer (D:12)
  A boulder beetle (D:11)
  6 death yaks
  Nergalle (D:10)
  Amaemon (Lair:3)
  2 harpies (Lair:5)
  A lindwurm (Lair:5)
  An ugly thing (D:12)
  A cyclops (D:12)
  A manticore (Lair:5)
  A salamander (D:6)
  5 black mambas
  15 elephants
  An orange demon (Lair:3)
  11 cane toads
  4 rime drakes
  9 komodo dragons
  A nameless horror (D:9)
  5 kobold demonologists
  A queen bee (Lair:1)
  A wind drake (Lair:5)
  A tyrant leech (Gauntlet)
  3 hornets (Gauntlet)
  3 trolls
  A polar bear (Lair:4)
  Grinder (D:6)
  12 blink frogs
  3 dream sheep (Lair:3)
  3 snapping turtles (Lair:5)
  6 slime creatures (D:12)
  A wraith (D:11)
  3 shadows
  43 yaks
  A basilisk (Lair:2)
  2 wyverns
  A warg (D:6)
  3 steam dragons
  5 swamp worms
  6 water moccasins
  7 orc warriors
  A sky beast (D:4)
  4 ice beasts
  2 black bears
  20 wolves
  An ogre (D:6)
  A phantom (D:4)
  7 kobold brigands
  14 bullfrogs
  4 scorpions
  18 killer bees
  3 howler monkeys
  2 bombardier beetles
  A jelly (D:6)
  3 orc priests
  2 hounds
  4 sleepcaps
  3 gnoll boudas
  4 iguanas
  8 orc wizards
  29 gnolls
  2 adders
  3 shadow imps
  A white imp (D:5)
  4 dart slugs
  2 ribbon worms
  16 orcs
  5 ball pythons
  8 endoplasms
  A giant cockroach (D:1)
  13 goblins
  3 hobgoblins
  3 jackals (D:1)
  4 quokkas
  4 bats
  6 frilled lizards
  17 kobolds
  4 rats
  A lurking horror (D:7)
412 creatures vanquished.

Vanquished Creatures (collateral kills)
  A merfolk avatar (Lair:5)
  2 hydras
  A centaur warrior (D:10)
  2 two-headed ogres (D:10)
  3 death yaks
  A manticore (D:11)
  Joseph (D:8)
  7 elephants
  An apocalypse crab (Gauntlet)
  A torpor snail (Lair:2)
  2 cane toads
  A rime drake (Lair:5)
  3 komodo dragons
  A hornet (D:8)
  3 blink frogs
  3 dream sheep (Lair:3)
  A snapping turtle (Lair:5)
  16 yaks
  A swamp worm (Lair:3)
  4 water moccasins
  3 orc warriors
  3 wolves (Lair:5)
  A centaur (D:5)
  A phantom (D:5)
  A bullfrog (D:6)
  A gnoll sergeant (D:5)
  11 killer bees
  An iguana (D:7)
  2 orc wizards
  2 gnolls (Bailey)
  An orc (D:8)
  A goblin (D:10)
  6 kobolds
  2 butterflies (Lair:3)
91 creatures vanquished.

Vanquished Creatures (others)
  An electric eel (Lair:5)
  14 hexers
  A kobold (D:11)
  A lurking horror (D:7)
17 creatures vanquished.

Grand Total: 520 creatures vanquished

Notes
Turn   | Place    | Note
-------+----------+-------------------------------------------
     0 | D:1      | hikkokomori the Troll Shapeshifter began the quest for the
                  | Orb.
     0 | D:1      | Reached XP level 1. HP: 18/18 MP: 0/0
   129 | D:1      | Reached skill level 1 in Fighting
   176 | D:1      | Reached XP level 2. HP: 27/27 MP: 1/1
   372 | D:1      | Reached XP level 3. HP: 35/35 MP: 2/2
   597 | D:2      | Reached skill level 4 in Unarmed Combat
   599 | D:2      | Reached XP level 4. HP: 5/42 MP: 3/3
  1629 | D:3      | Learned a level 3 spell: Call Canine Familiar
  1694 | D:3      | Reached XP level 5. HP: 49/52 MP: 4/4
  2283 | D:4      | Found a staircase to the Ecumenical Temple.
  2317 | Temple   | Entered the Ecumenical Temple
  2521 | Temple   | Became a worshipper of Hepliaklqana the Forgotten
  2686 | D:4      | Noticed a phantom
  2696 | D:4      | Killed a phantom
  2697 | D:4      | Reached XP level 6. HP: 57/61 MP: 5/5
  2779 | D:4      | Noticed a sky beast
  2788 | D:4      | Killed a sky beast
  2935 | D:4      | Reached XP level 7. HP: 69/70 MP: 6/6
  3025 | D:4      | Reached skill level 5 in Shapeshifting
  3299 | D:5      | Entered Level 5 of the Dungeon
  3305 | D:5      | Reached skill level 1 in Stealth
  3343 | D:5      | Reached skill level 5 in Unarmed Combat
  3530 | D:5      | Reached skill level 6 in Unarmed Combat
  3530 | D:5      | Reached XP level 8. HP: 24/78 MP: 7/7
  3625 | D:5      | Reached * piety under Hepliaklqana
  4194 | D:5      | Reached skill level 1 in Shields
  4194 | D:5      | Reached skill level 7 in Unarmed Combat
  4194 | D:5      | Reached skill level 1 in Spellcasting
  4194 | D:5      | Reached skill level 1 in Summonings
  4380 | D:6      | Noticed Grinder
  4382 | D:6      | Paralysed by Grinder for 4 turns
  4390 | D:6      | Killed Grinder
  4522 | D:6      | Noticed a two-headed ogre
  4523 | D:6      | a two-headed ogre changed into a salamander
  4523 | D:6      | Noticed a salamander
  4537 | D:6      | Killed a salamander
  4538 | D:6      | Reached skill level 1 in Armour
  4538 | D:6      | Reached skill level 5 in Shields
  4538 | D:6      | Reached XP level 9. HP: 18/76 MP: 9/9
  4664 | D:6      | Found Ofau's Distillery.
  4672 | D:6      | Bought 2 potions of haste for 260 gold pieces
  4672 | D:6      | Bought 2 potions of heal wounds for 130 gold pieces
  4791 | D:6      | Noticed Maggie
  4793 | D:6      | Maggie changed into Maggie the warg
  4793 | D:6      | Noticed Maggie
  4799 | D:6      | Killed Maggie the warg
  4835 | D:6      | Found a glowing silver altar of Zin.
  4969 | D:6      | Reached skill level 5 in Fighting
  5061 | D:7      | Reached ** piety under Hepliaklqana
  5062 | D:7      | Remembered your ancestor Septima as a hexer
  5329 | D:7      | Found a corrupted altar of Lugonu.
  5331 | D:7      | Found a one-way gate to the infinite horrors of the Abyss.
  5774 | D:7      | Reached skill level 1 in Evocations
  5794 | D:8      | Reached XP level 10. HP: 72/88 MP: 10/10
  5895 | D:8      | Noticed Joseph
  5913 | D:8      | Killed Joseph
  6058 | D:8      | Reached *** piety under Hepliaklqana
  6098 | D:9      | Noticed a sun demon
  6101 | D:9      | Reached skill level 1 in Invocations
  6588 | D:9      | Found a broken altar of Ashenzari.
  6591 | D:9      | Found an ornate altar of the Wu Jian Council.
  6683 | D:9      | Found Pare's General Store.
  6871 | D:9      | Noticed a nameless horror
  6878 | D:9      | Killed a nameless horror
  7021 | D:9      | Reached **** piety under Hepliaklqana
  7068 | D:10     | Entered Level 10 of the Dungeon
  7232 | D:10     | Noticed a centaur warrior
  7246 | D:10     | Killed a centaur warrior
  7247 | D:10     | Reached XP level 11. HP: 50/94 MP: 12/12
  7283 | D:10     | Noticed Nergalle
  7292 | D:10     | Noticed a spectral orc warlord
  7297 | D:10     | Killed Nergalle
  7330 | D:10     | Noticed Snorg
  7342 | D:10     | Killed Snorg
  7352 | D:10     | Noticed a two-headed ogre
  7358 | D:10     | Killed a two-headed ogre
  7378 | D:10     | Found a flagged portal.
  7426 | Bailey   | Entered a bailey
  7431 | Bailey   | Noticed an orc warlord
  7505 | Bailey   | Found a runed translucent gate.
  7505 | Bailey   | Found a runed translucent gate.
  7505 | Bailey   | Found a runed translucent gate.
  7637 | Bailey   | Reached skill level 1 in Throwing
  7768 | Bailey   | Killed an orc warlord
  7924 | D:10     | Noticed a two-headed ogre
  7933 | D:10     | Killed a two-headed ogre
  7934 | D:10     | Reached skill level 8 in Unarmed Combat
  7976 | D:10     | Noticed a two-headed ogre
  7984 | D:10     | Killed a two-headed ogre
  8231 | D:11     | Noticed a boulder beetle
  8255 | D:11     | Killed a boulder beetle
  8256 | D:11     | Reached skill level 9 in Unarmed Combat
  8256 | D:11     | Reached XP level 12. HP: 103/103 MP: 14/14
  8273 | D:11     | Noticed a two-headed ogre
  8280 | D:11     | Killed a two-headed ogre
  8293 | D:11     | Found a runed translucent door.
  8359 | D:11     | Noticed Bravepunisher's ghost (journeyman SpMo)
  8359 | D:11     | Noticed a two-headed ogre
  8372 | D:11     | Killed a two-headed ogre
  8373 | D:11     | Reached skill level 5 in Evocations
  8714 | D:11     | Found a staircase to the Lair.
  8726 | Lair:1   | Entered Level 1 of the Lair of Beasts
  8736 | Lair:1   | Reached skill level 5 in Throwing
  8889 | Lair:1   | Reached ***** piety under Hepliaklqana
  9106 | Lair:1   | Reached skill level 10 in Unarmed Combat
  9292 | Lair:1   | Reached XP level 13. HP: 114/114 MP: 15/15
  9421 | Lair:2   | Identified the +5 falchion "Rerphy Miby" {drain, rC++
                  | Str+4}
  9424 | Lair:2   | Found a staircase to the Swamp.
  9601 | Lair:2   | Reached skill level 5 in Invocations
 10198 | Lair:3   | Identified the +0 hand axe of the Pits of Slime {freeze,
                  | rCorr Str+4}
 10243 | Lair:3   | Found a hole to the Spider Nest.
 10266 | Lair:3   | Reached XP level 14. HP: 122/122 MP: 10/16
 11005 | Lair:3   | Noticed Amaemon
 11023 | Lair:3   | Killed Amaemon
 11025 | Lair:3   | Reached skill level 5 in Dodging
 11425 | Lair:4   | Identified the +2 trident of Bankruptcy {flame, *Noise
                  | rF+++ Str+3 Int-4}
 11439 | Lair:4   | Found a viscous altar of Jiyva.
 11439 | Lair:4   | Found a staircase to the Slime Pits.
 11454 | Lair:4   | Found a gate leading to a gauntlet.
 11489 | Gauntlet | Entered a Gauntlet
 11489 | Gauntlet | Found a transporter.
 11489 | Gauntlet | Found a transporter.
 11490 | Gauntlet | Found a transporter.
 11490 | Gauntlet | Found a transporter.
 11493 | Gauntlet | Found a transporter.
 11493 | Gauntlet | Found a transporter.
 11503 | Gauntlet | Found a transporter.
 11507 | Gauntlet | Found a transporter.
 11521 | Gauntlet | Found a transporter.
 11553 | Gauntlet | Found a transporter.
 11573 | Gauntlet | Found a transporter.
 11576 | Gauntlet | Found a transporter.
 11808 | Gauntlet | Identified the ring "Egrepnua" {rPois rCorr Int-4 Slay+4}
 11945 | Gauntlet | Identified the +4 quarterstaff of the Reaper {protect,
                  | Str+4}
 12201 | Lair:4   | Reached skill level 10 in Shields
 12308 | Lair:4   | Reached skill level 5 in Summonings
 12571 | Lair:4   | Reached ****** piety under Hepliaklqana
 12898 | Lair:5   | Entered Level 5 of the Lair of Beasts
 13178 | Lair:5   | Reached XP level 15. HP: 117/134 MP: 17/17
 13545 | Lair:5   | Reached skill level 10 in Fighting
 13747 | Lair:5   | Reached skill level 11 in Unarmed Combat
 14177 | D:12     | Found Kuntaega's Armour Shop.
 14182 | D:12     | Found a staircase to the Orcish Mines.
 14201 | D:12     | Found Ynamnik's Weapon Shop.
 14293 | D:12     | Bought a throwing net for 45 gold pieces
 14428 | D:12     | HP: 1/136 [drowned by a water nymph (12)]
 14430 | D:12     | Killed from afar by a water nymph

Illustrated notes

Levels and vault maps discovered:
D:1:      dpeg_arrival_castle, layout_rooms, nrook_mini_vaults
D:2:      layout_basic
D:3:      layout_basic, corexii_hall_statues_i, nicolae_grassy_gnolls
D:4:      layout_loops_ring, minmay_temple_entry_statues_fountains
D:5:      layout_basic, grunt_ministairs_15, amcnicky_mini_pool_small,
          kennysheep_cross_room
D:6:      layout_loops_ring, zin_treasury, serial_shops, shop, uniq_grinder,
          uniq_maggie
D:7:      layout_basic, amcnicky_altar_lugonu_corruption
D:8:      layout_cave_pools, st_stairs_9, uniq_joseph
D:9:      layout_grid_maze, chequers_temple_overflow_statue_of_worship,
          serial_shops, shop
D:10:     layout_rooms, enter_bailey_5, small_chamber_with_monster,
          kennysheep_dice, uniq_snorg, uniq_nergalle
D:11:     layout_cave_pools, grunt_lair_entry_orc_guard_hut,
          gammafunk_ghost_grave, serial_rivers, chequers_serial_rivers_micro_b,
          chequers_serial_rivers_micro_e, chequers_serial_rivers_micro_c,
          chequers_serial_rivers_micro_c, corexii_corridor_pit
D:12:     layout_small_grid, orc_david_3, nicolae_splish_splash
Temple:   compressed_dpeg_triangle_lava_temple
Lair:1:   layout_hall_layers, special_room [special_room_bee],
          grunt_megastairs_4, infiniplex_staircase_pool, lemuel_fruit_fields
Lair:2:   layout_small_grid, swamp_mist
Lair:3:   layout_misc_corridors, spider_nest_entry_web_field, worms_lemuel,
          lemuel_fruit_fields, uniq_amaemon
Lair:4:   layout_hall_layers, dpeg_slime_entry_enclosed, gauntlet_entry_generic,
          grunt_megastairs_2
Lair:5:   gammafunk_lair_ancient_temple, layout_gridlike, grunt_megastairs_3

Skill      XL: |  1  2  3  4  5  6  7  8  9 10 11 12 13 14 15 |
---------------+----------------------------------------------+-----
Fighting       | 1 2 3 4 5 6 8 9 10 | 10.4
Unarmed Combat | 4 6 7 9 10 11 | 11.3
Shapeshifting  | 4 5 7 |  7.0
Dodging        | 2 3 6 |  6.0
Stealth        | 2 4 |  4.0
Shields        | 5 6 8 10 | 10.0
Spellcasting   | 1 2 |  2.0
Summonings     | 1 2 4 5 |  5.0
Armour         | 1 2 |  2.0
Evocations     | 1 2 4 5 |  5.0
Invocations    | 3 4 5 |  5.2
Throwing       | 4 7 8 |  8.9

Action                     |  1- 3 |  4- 6 |  7- 9 | 10-12 | 13-15 || total
---------------------------+-------+-------+-------+-------+-------++-------
  Melee: Unarmed           |    63 |    96 |   247 |   388 |   558 ||  1352
         Punch             |       |    11 |     5 |       |       ||    16
  Throw: Dart              |       |       |     1 |     2 |     6 ||     9
         Boomerang         |       |       |       |    61 |   171 ||   232
         Javelin           |       |       |       |       |     9 ||     9
   Cast: Call Canine Famil |       |       |       |       |     6 ||     6
 Invoke: Recall Ancestor   |       |       |     1 |       |       ||     1
         Ancestor Identity |       |       |     1 |       |       ||     1
         Ancestor Life: He |       |       |     1 |       |       ||     1
  Evoke: Wand              |       |       |     3 |     9 |     4 ||    16
         Box of beasts     |       |       |       |       |     1 ||     1
    Use: Potion            |     3 |       |     2 |     4 |     7 ||    16
         Scroll            |     2 |       |     4 |    14 |    11 ||    31
   Stab: Sleeping          |       |     4 |     3 |       |     1 ||     8
         Confused          |       |       |       |    12 |    13 ||    25
         Distracted        |       |       |       |     6 |    13 ||    19
         Paralysed         |       |       |       |       |    13 ||    13
 Armour: Animal skin       |    61 |    52 |   100 |       |       ||   213
         Skin              |    76 |       |     7 |       |       ||    83
         Steam dragon scal |       |       |    79 |   263 |   345 ||   687
  Dodge: Dodged            |    43 |    23 |    97 |   122 |   171 ||   456
  Block: Kite shield       |       |       |    60 |   211 |   268 ||   539
   Form: Beast             |     1 |     1 |       |     2 |     2 ||     6
                           |       |     1 |     1 |     1 |     2 ||     5
         Blade             |       |       |       |     1 |       ||     1
         Flux              |       |       |       |     1 |       ||     1

Table legend: (Time is in decaauts)
 A = Elapsed time spent in this place.
 B = Non-inter-level travel time spent in this place.
 C = Inter-level travel time spent in this place.
 D = Time resting spent in this place.
 E = Time spent auto-exploring this place.
 F = Levels seen in this place.
 G = Mean time per level.
                   A        B        C        D        E       F      G
               +--------+--------+--------+--------+--------+-----+--------+
         Total |  14352 |  13776 |    576 |    482 |   9054 |  20 |  717.6 |
       Dungeon |   8376 |   8084 |    292 |    151 |   5893 |  12 |  698.0 |
        Temple |    226 |    220 |      6 |      0 |      0 |   1 |  226.0 |
          Lair |   4825 |   4548 |    277 |    159 |   2952 |   5 |  965.0 |
        Bailey |    383 |    383 |      0 |      0 |    115 |   1 |  383.0 |
      Gauntlet |    540 |    540 |      0 |    172 |     93 |   1 |  540.0 |
               +--------+--------+--------+--------+--------+-----+--------+

Top non-repeatable levels by time:
  Lair:2: 1243 daAuts
  Lair:4: 1118 daAuts
     D:5: 1033 daAuts
  Lair:5: 1019 daAuts
     D:3: 935 daAuts
     D:2: 817 daAuts
     D:4: 784 daAuts
  Lair:3: 736 daAuts
     D:9: 724 daAuts
     D:7: 721 daAuts
     D:6: 718 daAuts
  Lair:1: 706 daAuts
    D:10: 678 daAuts
    D:11: 630 daAuts
     D:8: 561 daAuts
